 Dungeon Crawl Stone Soup version 0.30.0-19-g36f170ea60 (webtiles) character file.

Game seed: 2877933651955680077

673 RascalDebosk the Magician (level 7, -6/48 HPs)
             Began as a Djinni Fire Elementalist on May 29, 2023.
             Mangled by Loveship's ghost (18 damage)
             ... on level 4 of the Dungeon.
             The game lasted 00:20:04 (4451 turns).

RascalDebosk the Magician (DjFE)                    Turns: 4451, Time: 00:20:04

Health: -6/48      AC:  6    Str: 10    XL:     7   Next: 90%
Gold:   15         EV: 14    Int: 30    God:
                   SH:  7    Dex: 11

rFire   + + .        A - +6 long sword of Soft Offence {venom, Str+3 Int+6 Dex-3}
rCold   x . .        z - +0 kite shield
rNeg    . . .        a - +0 robe
rPois   ∞            (no helmet)
rElec   .            r - +0 cloak
rCorr   .            t - +2 pair of gloves
SInv    .            (boots unavailable)
Will    .....        (no amulet)
Stlth   ++           k - +6 ring of intelligence
HPRegen 0.28/turn    B - +5 ring of evasion
MPRegen 0.00/turn

%: infuse magic (-7 HP)
@: flying
A: sickness immunity, fire resistance 2, cold vulnerability 1, float, innate
caster, HP casting, extra vitality 1
a: no special abilities


You were on level 4 of the Dungeon.
You visited 2 branches of the dungeon, and saw 5 of its levels.

You collected 193 gold pieces.
You spent 178 gold pieces at shops.

Inventory:

Hand Weapons
 o - a +2 heavy long sword
 A - the +6 long sword of Soft Offence (weapon) {venom, Str+3 Int+6 Dex-3}
   (You bought it in a shop on level 2 of the Dungeon)

   Str:       It affects your strength (+3).
   Int:       It affects your intelligence (+6).
   Dex:       It affects your dexterity (-3).
Armour
 a - a +0 robe (worn)
 r - a +0 cloak (worn)
 t - a +2 pair of gloves (worn)
 z - a +0 kite shield (worn)
Jewellery
 k - a +6 ring of intelligence (left hand)
 m - a ring of resist corrosion
 B - a +5 ring of evasion (right hand)
Wands
 u - a wand of flame (21)
Scrolls
 b - 2 scrolls of immolation {unknown}
 e - 5 scrolls of teleportation {unknown}
 f - 5 scrolls of identify {unknown}
 h - a scroll of enchant armour {unknown}
 j - a scroll of torment {unknown}
 p - a scroll of blinking {unknown}
 q - a scroll of vulnerability {unknown}
 v - a scroll of noise {unknown}
 y - a scroll of fear {unknown}
Potions
 c - 5 potions of flight {unknown}
 d - a potion of lignification {unknown}
 g - a potion of heal wounds {unknown}
 i - a potion of cancellation {unknown}
 l - a potion of berserk rage {unknown}
 n - a potion of degeneration {unknown}
 s - 2 potions of attraction {unknown}
 w - a potion of mutation {unknown}
 x - 2 potions of might {unknown}
 C - a potion of ambrosia {unknown}


   Skills:
 + Level 1.9 Fighting
 + Level 2.0 Armour
 - Level 2.1 Dodging
 - Level 1.5 Stealth
 + Level 1.8 Shields
 * Level 5.6 Spellcasting
 + Level 1.9 Evocations


You knew the following spells:

 Your Spells              Type           Power      Damage    Failure   Level
a - Foxfire               Conj/Fire      100%       2x1d9     2%          1
b - Scorch                Fire           84%        2d9       4%          2
c - Volatile Blastmotes   Fire/Tloc      84%        2d17      9%          3
d - Inner Flame           Hex/Fire       42%        N/A       9%          3
e - Flame Wave            Conj/Fire      42%        2d11      26%         4
f - Magic Dart            Conj           100%       1d8       2%          1
g - Call Imp              Summ           84%        N/A       4%          2
h - Swiftness             Air            42%        N/A       9%          3
Your spell library was empty.

Dungeon Overview and Level Annotations

Branches:
Dungeon (4/15)             Temple (1/1) D:4

Altars:
Cheibriados
Dithmenos
Elyvilon
Fedhas
Gozag
Makhleb
Nemelex Xobeh
Okawaru
Qazlal
Ru
Uskayaw
Xom
Yredelemnul
Zin
The Shining One

Shops:
D:2 (

Annotations:
D:4 Loveship's ghost, novice HOFi


Innate Abilities, Weirdness & Mutations

You are immune to sickness and miasma.
You are immune to poison.
Your flesh is very heat resistant. (rF++)
You are vulnerable to cold. (rC-)
You float through the air rather than walking.
You learn spells naturally, not from books.
Your magical power is your life essence.
You have superior vitality. (+4 MHP)


Message History

Confirm with . or Enter, or press ? or * to list all spells.
A cloud of volatile blastmotes flares up around you!
Casting: Volatile Blastmotes (dangerous; 9% risk of failure)
Confirm with . or Enter, or press ? or * to list all spells.
A cloud of volatile blastmotes flares up around you!
Casting: Volatile Blastmotes (dangerous; 9% risk of failure)
Confirm with . or Enter, or press ? or * to list all spells.
A cloud of volatile blastmotes flares up around you!
You reach down and open the gate.
The cloud of blastmotes explodes!
The concussive blast engulfs the kobold!
You kill the kobold!
The concussive blast engulfs the kobold!
You kill the kobold!
The cloud of blastmotes explodes!
The concussive blast engulfs the kobold!!
You kill the kobold!
The cloud of blastmotes explodes!
Loveship's ghost shrieks, "To die, to sleep, no more."
Casting: Volatile Blastmotes (dangerous; 9% risk of failure)
Confirm with . or Enter, or press ? or * to list all spells.
A cloud of volatile blastmotes flares up around you!
Casting: Volatile Blastmotes (dangerous; 9% risk of failure)
Confirm with . or Enter, or press ? or * to list all spells.
Flames lash the kobold.
You kill the kobold!
The kobold closely misses you.
Casting: Scorch (safe; 4% risk of failure)
Confirm with . or Enter, or press ? or * to list all spells.
Flames lash the kobold.
The kobold is severely wounded.
The kobold's fire resistance burns away.
The kobold hits you with a +0 club.
Casting: Scorch (safe; 4% risk of failure)
Confirm with . or Enter, or press ? or * to list all spells.
Flames lash the kobold.
You kill the kobold!
Loveship's ghost whispers, "I have become one of them."
Casting: Scorch (safe; 4% risk of failure)
Confirm with . or Enter, or press ? or * to list all spells.
Flames lash the kobold.
You kill the kobold!
Casting: Scorch (safe; 4% risk of failure)
Confirm with . or Enter, or press ? or * to list all spells.
Flames lash Loveship's ghost.
Loveship's ghost is lightly damaged.
Loveship's ghost's fire resistance burns away.
The kobold is no longer more vulnerable to fire.
The kobold barely misses you.
Casting: Scorch (safe; 4% risk of failure)
Confirm with . or Enter, or press ? or * to list all spells.
Flames lash the kobold brigand.
The kobold brigand is heavily wounded.
The kobold brigand's fire resistance burns away.
The kobold completely misses you.
Casting: Scorch (safe; 4% risk of failure)
Confirm with . or Enter, or press ? or * to list all spells.
Flames lash the kobold.
You kill the kobold!
* * * LOW HITPOINT WARNING * * *
You block the kobold's attack.
Casting: Scorch (safe; 4% risk of failure)
Confirm with . or Enter, or press ? or * to list all spells.
Flames lash the kobold.
You kill the kobold!
* * * LOW HITPOINT WARNING * * *
Loveship's ghost is no longer more vulnerable to fire.
You block the kobold's attack.
Casting: Scorch (safe; 4% risk of failure)
Confirm with . or Enter, or press ? or * to list all spells.
Flames lash the kobold.
You kill the kobold!
* * * LOW HITPOINT WARNING * * *
Casting: Scorch (safe; 4% risk of failure)
Confirm with . or Enter, or press ? or * to list all spells.
Flames lash the kobold brigand.
The kobold brigand is burned terribly!
The kobold brigand is almost dead.
* * * LOW HITPOINT WARNING * * *
The kobold brigand hits you but does no damage.
Casting: Scorch (safe; 4% risk of failure)
Confirm with . or Enter, or press ? or * to list all spells.
Flames lash Loveship's ghost.
Loveship's ghost is lightly damaged.
Loveship's ghost's fire resistance burns away.
* * * LOW HITPOINT WARNING * * *
The kobold brigand hits you with a +1 dagger of venom.
* * * LOW HITPOINT WARNING * * *
Casting: Scorch (safe; 4% risk of failure)
Confirm with . or Enter, or press ? or * to list all spells.
Flames lash the kobold brigand.
The kobold brigand is burned terribly!
You kill the kobold brigand!
* * * LOW HITPOINT WARNING * * *
Your Armour skill increases to level 2!
Casting: Scorch (safe; 4% risk of failure)
Confirm with . or Enter, or press ? or * to list all spells.
Flames lash Loveship's ghost.
Loveship's ghost is burned terribly!
Loveship's ghost is moderately damaged.
* * * LOW HITPOINT WARNING * * *
Loveship's ghost hits you!!
You die...

####...#..........
#..#####)..#.#####
#.##~⌠~##.##.#####
#.#.....##........
######.).###..###.#####
#.....)'.....?# #...#
#.####)).###.$#####.##
#.# #W#.....##......#
#.# #@##~⌠~#######..#
#.# #..##### #..# #.#
#### #..#
#.#################..#
#..>.................##
###################....
#.### #.# # #.###


You could see Loveship's ghost (combustible).

Vanquished Creatures
  Sigmund (D:2)
  A black bear (D:4)
  An ogre (D:4)
  A kobold brigand (D:4)
  Terence (D:2)
  Crazy Yiuf (D:2)
  An iguana (D:4)
  3 gnolls (D:4)
  7 adders
  A white imp (D:4)
  2 worms (D:4)
  2 dart slugs (D:4)
  6 orcs
  8 ball pythons
  4 endoplasms
  2 giant cockroaches
  6 goblins
  6 hobgoblins
  7 jackals (D:1)
  13 kobolds
  6 quokkas
  4 bats
  2 frilled lizards (D:1)
  4 rats
  A butterfly (D:4)
91 creatures vanquished.

Vanquished Creatures (others)
  190 foxfires
190 creatures vanquished.

Grand Total: 281 creatures vanquished

Notes
Turn   | Place    | Note
-------+----------+-------------------------------------------
     0 | D:1      | RascalDebosk the Djinni Fire Elementalist began the quest
                  | for the Orb.
     0 | D:1      | RascalDebosk set off with the following spells memorised:
                  | Foxfire, Scorch, Volatile Blastmotes, Inner Flame, Flame
                  | Wave.
     0 | D:1      | Reached XP level 1. HP: 15/15 MP: 0/0
    35 | D:1      | Reached XP level 2. HP: 16/21 MP: 0/0
   105 | D:1      | Reached skill level 3 in Spellcasting
   231 | D:1      | Reached XP level 3. HP: 23/25 MP: 0/0
   231 | D:1      | Learned a level 1 spell: Magic Dart
   635 | D:1      | Found a faded altar of an unknown god.
   734 | D:2      | Reached XP level 4. HP: 30/31 MP: 0/0
   941 | D:2      | Found a white marble altar of Elyvilon.
   946 | D:2      | Noticed Terence
   951 | D:2      | Killed Terence
   955 | D:2      | Noticed Sigmund
   960 | D:2      | Killed Sigmund
   961 | D:2      | Reached skill level 4 in Spellcasting
   961 | D:2      | Reached skill level 5 in Spellcasting
   961 | D:2      | Reached XP level 5. HP: 20/35 MP: 0/0
   961 | D:2      | Learned a level 2 spell: Call Imp
   961 | D:2      | Reached XP level 6. HP: 23/40 MP: 0/0
  1046 | D:2      | Found a runed translucent door.
  1047 | D:2      | Noticed Crazy Yiuf
  1730 | D:2      | Found Ymmayn's Antique Weapon Emporium.
  2106 | D:2      | Killed Crazy Yiuf
  3069 | D:4      | Found a staircase to the Ecumenical Temple.
  3100 | D:4      | Reached skill level 1 in Fighting
  3100 | D:4      | Reached skill level 1 in Armour
  3100 | D:4      | Reached skill level 1 in Evocations
  3100 | D:4      | Reached XP level 7. HP: 42/47 MP: 0/0
  3100 | D:4      | Learned a level 3 spell: Swiftness
  3230 | Temple   | Entered the Ecumenical Temple
  3634 | D:2      | Bought an ichor-stained long sword for 178 gold pieces
  3634 | D:2      | Identified the +6 long sword of Soft Offence {venom, Str+3
                  | Int+6 Dex-3} (You bought it in a shop on level 2 of the
                  | Dungeon)
  3725 | D:4      | Reached skill level 1 in Shields
  4266 | D:4      | Found a runed translucent gate.
  4266 | D:4      | Found a runed translucent gate.
  4267 | D:4      | Found a runed translucent gate.
  4268 | D:4      | Noticed Loveship's ghost (novice HOFi)
  4451 | D:4      | Mangled by Loveship's ghost

Illustrated notes

Levels and vault maps discovered:
D:1:      kennysheep_arrival_forest, layout_basic,
          dilly_ecumenical_altar_fadedgnrine
D:2:      minmay_general_purpose_star, layout_loops_corners, serial_bayou,
          serial_bayou_ford_a, serial_bayou_shore_b, serial_bayou_pond_c,
          serial_bayou_shore_b, serial_bayou_lagoon_b, serial_bayou_pond_b,
          basic_altar, serial_shops, nicolae_shop_back_alley_shop,
          chequers_serial_rivers_micro_b, grunt_ministairs_7,
          uniq_crazy_yiuf_cottage, uniq_terence, uniq_sigmund
D:3:      layout_loops_corners, hangedman_decor_growths, minivault_14,
          kennysheep_generic_room_15
D:4:      layout_loops_ring, minmay_temple_entry_butterflies,
          gammafunk_ghost_nasty_kobolds, st_stairs_10, wad_orctagon
Temple:   minmay_crystal_spiral_temple

Skill      XL: |  1  2  3  4  5  6  7 |
---------------+----------------------+-----
Spellcasting   | 3 5 |  5.6
Fighting       | 1 |  1.9
Armour         | 1 2 |  2.0
Evocations     | 1 |  1.9
Shields        | 1 |  1.8
Dodging        | |  2.1
Stealth        | |  1.5

Action                     |  1- 3 |  4- 6 |  7- 9 || total
---------------------------+-------+-------+-------++-------
  Melee: Long sword        |       |     1 |     2 ||     3
   Cast: Foxfire           |    41 |    56 |    21 ||   118
         Scorch            |     4 |     2 |    23 ||    29
         Inner Flame       |       |     5 |     1 ||     6
         Magic Dart        |       |    12 |       ||    12
         Volatile Blastmot |       |     2 |     4 ||     6
         Swiftness         |       |       |     1 ||     1
 Armour: Robe              |     2 |       |     1 ||     3
  Dodge: Dodged            |       |     3 |    10 ||    13
  Block: Kite shield       |       |       |     6 ||     6
